 Dungeon Crawl Stone Soup version 0.28-a0-706-gf6f64a616a (webtiles) character file.

Game seed: 275755063934542306

50 bande the Skirmisher (level 3, 0/24 HPs)
             Began as a Gargoyle Fighter on Oct 24, 2021.
             Slain by Crazy Yiuf (12 damage)
             ... on level 2 of the Dungeon.
             The game lasted 00:02:08 (2157 turns).

bande the Skirmisher (Gargoyle Fighter)             Turns: 2157, Time: 00:02:08

Health: 0/24       AC: 13    Str: 20    XL:     3   Next: 79%
Magic:  3/3        EV:  7    Int:  8    God:
Gold:   44         SH:  0    Dex:  9    Spells: 2/2 levels left

rFire   . . .      SeeInvis .   a - +0 war axe
rCold   . . .      Faith    .   c - +0 buckler
rNeg    + . .      Spirit   .   e - +0 chain mail
rPois   ∞          Reflect  .   (no helmet)
rElec   +          Harm     .   (no cloak)
rCorr   .          Rampage  .   (no gloves)
Will    +....                   h - +0 pair of boots
Stlth   ..........              (no amulet)
HPRegen 0.08/turn               j - ring of willpower
MPRegen 0.08/turn               (no ring)

@: confused
A: sickness immunity, AC +3, negative energy resistance 1, electricity
resistance, torment resistance 1, petrification resistance
a: no special abilities


You were on level 2 of the Dungeon.
You visited 1 branch of the dungeon, and saw 2 of its levels.

You collected 44 gold pieces.

Inventory:

Hand Weapons
 a - a +0 war axe (weapon)
Armour
 c - a +0 buckler (worn)
 e - a +0 chain mail (worn)
 h - a +0 pair of boots (worn)
Jewellery
 j - a ring of willpower (left hand)
Scrolls
 b - 3 scrolls of fog {unknown}
 f - a scroll of identify
 g - a scroll of holy word {unknown}
 i - 2 scrolls of enchant weapon {unknown}
 k - a scroll of brand weapon {unknown}
Potions
 d - 3 potions of might


   Skills:
 + Level 3.7 Fighting
 + Level 2.6 Axes
 + Level 3.6 Armour
 - Level 0.5 Stealth
 + Level 3.6 Shields


You had 2 spell levels left.
You didn't know any spells.
Your spell library was empty.

Dungeon Overview and Level Annotations

Branches:
Dungeon (2/15)

Altars:
Uskayaw

Annotations:
D:2 Crazy Yiuf


Innate Abilities, Weirdness & Mutations

You are immune to sickness and miasma.
Your stone body is resilient. (AC +3)
You are immune to poison.
You resist negative energy. (rN+)
You are resistant to electric shocks. (rElec)
You are resistant to unholy torment.
You are immune to petrification.


Message History

You start resting.
HP restored.
You start waiting.
Done waiting.
i - 2 scrolls labelled OLIMITR CAOSCH (gained 1)
k - a scroll labelled EFEASHEISA
Found a faded altar of an unknown god.
There is a shaft here.
Found a stone staircase leading down.
There is a stone staircase leading down here.
You now have 35 gold pieces (gained 10).
Found a stone staircase leading down.
No target in view!
You now have 44 gold pieces (gained 9).
Things that are here:
a +0 club; a +0 club
Found a mace.
Found a runed translucent door.
Could not explore, unopened runed door.
You open the door. You slash Crazy Yiuf!
Crazy Yiuf is heavily wounded.
Crazy Yiuf hits you but does no damage.
Crazy Yiuf hits you with a +4 quarterstaff of chaos!
Crazy Yiuf burns you.
You slash Crazy Yiuf!
Crazy Yiuf is almost dead.
Crazy Yiuf completely misses you.
You closely miss Crazy Yiuf.
Crazy Yiuf is almost dead.
Crazy Yiuf hits you but does no damage.
You barely miss Crazy Yiuf.
Crazy Yiuf is almost dead.
Crazy Yiuf twirls on the spot.
Crazy Yiuf closely misses you.
Crazy Yiuf hits you with a +4 quarterstaff of chaos.
You are confused.
You bump into the tree.
Crazy Yiuf hits you with a +4 quarterstaff of chaos!
Ouch! That really hurt!
You die...

#.............#..#.###..###
#.#######.#####.##.###..#
#.# ### #####.##..# #.#
#.##..# #.# #.....# #.###♣♣
### #.....# #...#.♣♣
♣♣#..)# #.#.#####
#......♣♣♣♣g'...# #........
##......♣.@♣#...# #.#.#....
##.#..♣.♣♣♣ ### #........
###♣♣♣♣♣ #........
#########


You could see Crazy Yiuf.

Vanquished Creatures
  An adder (D:2)
  2 worms (D:2)
  4 endoplasms (D:1)
  5 goblins
  4 hobgoblins
  2 jackals (D:1)
  A kobold (D:1)
  A quokka (D:2)
  6 ball pythons
  3 bats
  A frilled lizard (D:1)
  3 rats
33 creatures vanquished.

Notes
Turn   | Place    | Note
-------+----------+-------------------------------------------
     0 | D:1      | bande the Gargoyle Fighter began the quest for the Orb.
     0 | D:1      | Reached XP level 1. HP: 14/14 MP: 1/1
   749 | D:1      | Reached XP level 2. HP: 19/19 MP: 2/2
  1280 | D:2      | Found a hide-covered altar of Uskayaw.
  1371 | D:2      | Reached XP level 3. HP: 24/24 MP: 3/3
  1931 | D:2      | Found a faded altar of an unknown god.
  2147 | D:2      | Found a runed translucent door.
  2148 | D:2      | Noticed Crazy Yiuf
  2157 | D:2      | Slain by Crazy Yiuf

Illustrated notes

Levels and vault maps discovered:
D:1:      amcnicky_arrival_choice, layout_basic
D:2:      layout_loops_ring, ebering_ecumenical_altar_webs, basic_altar,
          minmay_splitting_lines, chequers_serial_rivers_marsh,
          uniq_crazy_yiuf_cottage

Skill      XL: |  1  2 |
---------------+-------+-----
Axes           | 2 |  2.6
Fighting       | |  3.7
Armour         | |  3.6
Stealth        | |  0.5
Shields        | |  3.6

Action                   || total
-------------------------++-------
Melee: War axe           ||   120
  Use: Scroll            ||     2
Armor: Scale mail        ||    47
       Chain mail        ||    26
Dodge: Dodged            ||    60
Block: Buckler           ||    28

Table legend: (Time is in decaauts)
 A = Elapsed time spent in this place.
 B = Non-inter-level travel time spent in this place.
 C = Inter-level travel time spent in this place.
 D = Time resting spent in this place.
 E = Time spent auto-exploring this place.
 F = Levels seen in this place.
 G = Mean time per level.
                   A        B        C        D        E       F      G
               +--------+--------+--------+--------+--------+-----+--------+
         Total |   2208 |   2208 |      0 |    610 |   1248 |   2 | 1104.0 |
       Dungeon |   2208 |   2208 |      0 |    610 |   1248 |   2 | 1104.0 |
               +--------+--------+--------+--------+--------+-----+--------+

Top non-repeatable levels by time:
     D:1: 1305 daAuts
     D:2: 903 daAuts
